 Dungeon Crawl Stone Soup version 0.28.0-43-g3370ac3207 (webtiles) character file.

Game seed: 12198243612632325325

162 Kniotic the Insei (level 5, -13/41 HPs)
             Began as a Demonspawn Monk on Mar 7, 2022.
             Killed by divine providence
             ... invoked by an orc priest
              (15 damage)
             ... on level 3 of the Dungeon.
             The game lasted 00:04:55 (3447 turns).

Kniotic the Insei (Demonspawn Monk)                 Turns: 3447, Time: 00:04:56

Health: -13/41     AC:  2    Str: 12    XL:     5   Next: 19%
Magic:  5/5        EV: 28    Int: 11    God:
Gold:   90         SH:  0    Dex: 17    Spells: 4/4 levels left

rFire   . . .      SeeInvis .     - Unarmed
rCold   . . .      Faith    .   (no shield)
rNeg    . . .      Spirit   .   a - +0 robe
rPois   .          Reflect  .   (no helmet)
rElec   .          Harm     .   (no cloak)
rCorr   .          Rampage  .   (no gloves)
Will    .....                   (no boots)
Stlth   ++........              d - amulet of the acrobat
HPRegen 0.13/turn               (no ring)
MPRegen 0.09/turn               (no ring)

@: acrobatic
A: demonic guardian 1, spiny 1
a: no special abilities


You were on level 3 of the Dungeon.
You visited 1 branch of the dungeon, and saw 3 of its levels.

You collected 90 gold pieces.

Inventory:

Hand Weapons
 g - the +1 mace of Gisupp {vorpal, rPois rC+++ Str-4 Int-5}
   (You found it on level 2 of the Dungeon)

   It inflicts extra damage upon your enemies.
   Str:       It affects your strength (-4).
   Int:       It affects your intelligence (-5).
   rC:        It renders you almost immune to cold.
   rPois:     It protects you from poison.
Armour
 a - a +0 robe (worn)
Jewellery
 d - an amulet of the acrobat (around neck)
 i - an amulet of faith
Wands
 k - a wand of charming (3)
Scrolls
 b - a scroll of fog {unknown}
 c - 2 scrolls of amnesia {unknown}
 e - 2 scrolls of magic mapping {unknown}
 f - a scroll of brand weapon {unknown}
 h - a scroll of noise {unknown}
 j - a scroll of teleportation {unknown}
 l - a scroll of identify {unknown}


   Skills:
 - Level 3.0 Fighting
 - Level 2.6 Dodging
 - Level 1.7 Stealth
 + Level 5.4 Unarmed Combat


You had 4 spell levels left.
You didn't know any spells.
Your spell library contained the following spells:

 Spells                   Type           Power      Damage    Failure   Level
 Sting                    Tmut/Pois      0%         1d3       34%         1
 Poisonous Vapours        Pois/Air       0%         N/A       47%         2
 Inner Flame              Hex/Fire       0%         N/A       71%         3
 Cause Fear               Hex            0%         N/A       98%         4
 Olgreb's Toxic Radiance  Pois           0%         N/A       98%         4
 Discord                  Hex            0%         N/A       100%        8


Dungeon Overview and Level Annotations

Branches:
Dungeon (3/15)

Altars:
Zin

Shops:
D:3 [

Annotations:
D:3 Grinder


Innate Abilities, Weirdness & Mutations

A weak demonic guardian rushes to your aid.
You are partially covered in sharp spines.


Message History

The orc priest hits your shadow imp with a +0 morningstar!
Your shadow imp dies!
Your shadow imp disappears in a puff of smoke!
You hit the orc.
The orc is heavily wounded.
The orc priest invokes the aid of Beogh against you.
Beogh smites you!
You hear some strange, mumbled words.
A puff of flame appears from out of thin air!
The puff of flame misses you.
The orc priest looks satisfied for a moment.
The orc completely misses you.
Things that are here:
a +0 club; a +0 leather armour; an orc corpse You hit the orc priest.
The orc priest is moderately wounded.
Reactivating autopickup.
You feel a bit more experienced.
The orc priest is struck by your spines.
The orc priest closely misses you. The orc is struck by your spines.
The orc barely misses you.
You closely miss the orc priest.
The orc priest is moderately wounded.
The orc priest is struck by your spines.
The orc priest closely misses you.
You hit the orc priest.
The orc priest is severely wounded.
The orc hits you with a +0 hand axe!
* * * LOW HITPOINT WARNING * * *
A demonic guardian appears!
The orc priest hits you with a +0 morningstar!
* * * LOW HITPOINT WARNING * * *
Your quasit closely misses the orc priest.
Your quasit barely misses the orc priest. x2
Your quasit bites the orc priest but does no damage.
Your quasit completely misses the orc priest.
Your quasit claws the orc priest but does no damage.
The orc priest invokes the aid of Beogh against you.
Beogh smites you!
You die...

##..##..... ##
#......####### .##
#........o...# ..#
#..####.####.# ).#
#########..##.....##.#
..###[.........#.......#.##
...##.......##.#.......#..#
.#.##(......##.)..._......
.#.##.......#..#@o.....#..#
.#..#..........#.......#..#
.##<........##.##.....## ..#
.###........##.####5####.#..
.# #........##.....)o......
.# #...................###.
#...###.####.........#
#..##$..# #.........#
#.....### ...#######..#


You could see an orc priest (ally target), an orc and a friendly quasit
(summoned).

Vanquished Creatures
  2 orc wizards (D:3)
  4 adders
  3 dart slugs (D:2)
  5 orcs
  8 ball pythons
  2 endoplasms
  3 giant cockroaches
  8 goblins
  5 hobgoblins
  3 jackals
  7 kobolds
  A quokka (D:1)
  4 bats
  5 frilled lizards
  3 rats
63 creatures vanquished.

Vanquished Creatures (collateral kills)
  2 jackals (D:1)
2 creatures vanquished.

Grand Total: 65 creatures vanquished

Notes
Turn   | Place    | Note
-------+----------+-------------------------------------------
     0 | D:1      | Kniotic the Demonspawn Monk began the quest for the Orb.
     0 | D:1      | Reached XP level 1. HP: 18/18 MP: 1/1
    75 | D:1      | Reached skill level 3 in Unarmed Combat
   160 | D:1      | Gained mutation: A weak demonic guardian rushes to your
                  | aid. [demonic ancestry]
   160 | D:1      | Reached XP level 2. HP: 3/24 MP: 2/2
  1073 | D:1      | Gained mutation: You are partially covered in sharp spines.
                  | [demonic ancestry]
  1073 | D:1      | Reached XP level 3. HP: 23/29 MP: 3/3
  1552 | D:2      | Reached skill level 4 in Unarmed Combat
  1628 | D:2      | Identified the +1 mace of Gisupp {vorpal, rPois rC+++ Str-4
                  | Int-5}
  2308 | D:2      | Reached XP level 4. HP: 33/35 MP: 4/4
  2596 | D:2      | Found a faded altar of an unknown god.
  2752 | D:3      | Noticed Grinder
  2854 | D:3      | Found Rept's Antique Armour Emporium.
  3364 | D:3      | Reached skill level 5 in Unarmed Combat
  3436 | D:3      | Reached XP level 5. HP: 28/41 MP: 5/5
  3444 | D:3      | HP: 2/41 [orc priest/+0 morningstar (8)]
  3447 | D:3      | Killed from afar by an orc priest

Illustrated notes

Levels and vault maps discovered:
D:1:      ncdulo_halloftheorcs, layout_basic, minmay_misc_feat_alley
D:2:      layout_loops_corners, ebering_ecumenical_altar_rust,
          skrybe_limestone_x
D:3:      layout_rooms, old_standard_altar, serial_shops, shop,
          nicolae_shop_advertising_works [nicolae_subvault_shop_adworks],
          nicolae_shop_behind_doors, uniq_grinder

Skill      XL: |  1  2  3  4 |
---------------+-------------+-----
Unarmed Combat | 3 4 5 |  5.4
Fighting       | |  3.0
Dodging        | |  2.6
Stealth        | |  1.7

Action                   |  1- 3 |  4- 6 || total
-------------------------+-------+-------++-------
Melee: Unarmed           |   136 |    48 ||   184
       Punch             |     7 |       ||     7
  Use: Potion            |     1 |       ||     1
 Stab: Sleeping          |     3 |       ||     3
       Distracted        |       |     1 ||     1
Armor: Robe              |    17 |     1 ||    18
Dodge: Dodged            |    71 |    57 ||   128
